 Dungeon Crawl Stone Soup version 0.20-a0-16-g0876c8e (webtiles) character file.

30396 sveltemanboy the Fencer (level 13, 0/79 HPs)
             Began as a Demonspawn Gladiator on Nov 3, 2016.
             Was an Elder of Hepliaklqana.
             Slain by an orc knight
             ... wielding a +3 long sword of draining
              (8 damage)
             ... on level 2 of the Orcish Mines on Nov 4, 2016.
             The game lasted 00:47:28 (17496 turns).

sveltemanboy the Fencer (Demonspawn Gladiator)     Turns: 17496, Time: 00:47:29

Health: 0/79       AC: 25    Str: 26    XL:     13   Next: 20%
Magic:  19/22      EV: 13    Int: 10    God:    Hepliaklqana [****..]
Gold:   1436       SH:  0    Dex: 14    Spells: 0 memorised, 12 levels left

rFire  + . .     SeeInvis .     j - +1 great sword (protect)
rCold  + + .     Gourm    .     B - +7 Kryia's mail coat {DeviceHeal*2 rC+}
rNeg   . . .     Faith    .     (shield currently unavailable)
rPois  .         Spirit   .     (helmet unavailable)
rElec  .         Reflect  .     (no cloak)
rCorr  .         Harm     .     i - +1 pair of gloves
MR     .....                    w - +0 pair of boots
Stlth  ..........               t - amulet of magic regeneration
                                v - ring of protection from cold
                                M - +6 ring of strength

@: protection aura
A: reduced essence, horns 3, demonic guardian 1, fire resistance 1, flame cloud
immunity, sturdy frame 2
a: Recall Ancestor, Ancestor Identity, Transference, Idealise, Renounce Religion


You were on level 2 of the Orcish Mines.
You worshipped Hepliaklqana.
Hepliaklqana was greatly pleased with you.
You were not hungry.

You visited 3 branches of the dungeon, and saw 15 of its levels.

You collected 1436 gold pieces.

Inventory:

Hand Weapons
 j - a +1 great sword of protection (weapon)
Missiles
 H - 2 javelins (quivered)
 J - 2 throwing nets
Armour
 i - a +1 pair of gloves (worn)
 w - a +0 pair of boots (worn)
 B - the +7 Kryia's mail coat (worn) {DeviceHeal*2 rC+}
   (You acquired it on level 11 of the Dungeon)

   It protects you from cold.
 C - +2 storm dragon scales
Jewellery
 t - an amulet of magic regeneration (around neck)
 u - an uncursed ring of resist corrosion
 v - a ring of protection from cold (right hand)
 x - an uncursed ring of ice
 K - an uncursed ring of protection from fire
 M - a +6 ring of strength (left hand)
Wands
 l - a wand of iceblast (0/15)
 n - a wand of paralysis (4/24)
 o - a wand of polymorph (7/24)
 p - a wand of polymorph (10/24)
 s - a wand of polymorph (17/24)
 D - a wand of flame (33/48)
 F - a wand of acid (0/15)
 L - a wand of acid (0/15)
Scrolls
 d - a scroll of amnesia
 h - 2 scrolls of remove curse
 k - 6 scrolls of identify
 q - 3 scrolls of fog
 r - a scroll of magic mapping
 y - 10 scrolls of teleportation
 A - 2 scrolls of recharging
Potions
 b - a potion of brilliance
 z - 2 potions of cancellation
 E - a potion of magic
 I - 2 potions of curing
 N - a potion of ambrosia
Comestibles
 a - a beef jerky
 c - 27 fruits
 f - 8 bread rations
 g - 7 meat rations
 m - 2 royal jellies


   Skills:
 - Level 4.0 Fighting
 * Level 15.5 Long Blades
 - Level 1.7 Throwing
 - Level 6.0 Armour
 - Level 4.1 Dodging
 + Level 12.9 Invocations
 + Level 5.8 Evocations


You had 12 spell levels left.
You didn't know any spells.

Dungeon Overview and Level Annotations

Branches:
Dungeon (12/15)            Temple (1/1) D:6            Lair (0/6) D:11
    Orc (2/2) D:11
    Elf: Orc:2

Altars:
Ashenzari
Dithmenos
Elyvilon
Gozag
Hepliaklqana
Kikubaaqudgha
Makhleb
Nemelex Xobeh
Ru
Sif Muna
Vehumet
Xom
The Shining One
Beogh


Innate Abilities, Weirdness & Mutations

You have a pair of large horns on your head.
A weak demonic guardian rushes to your aid.
Your flesh is heat resistant. (rF+)
You are immune to clouds of flame.
Your movements are less encumbered by armour. (ER -4)
Your life essence is reduced. (-10% HP)


Message History

You kill the orc!
Sander barely misses the orc warrior.
The orc warrior completely misses you.
You slash the orc warrior!
The orc warrior is severely wounded.
The orc warrior hits you with a scimitar.
Sander hits the orc warrior with a quarterstaff.
The orc warrior hits you from afar with a glaive!
You catch the helpless orc warrior completely off-guard!
You slice the orc warrior!!
You kill the orc warrior!
Sander closely misses the orc warrior.
The orc knight misses you.
You closely miss the orc knight.
The orc warrior hits you from afar with a glaive!
* * * LOW HITPOINT WARNING * * *
The orc warrior hits you but does no damage.
The orc hits you but does no damage.
Sander gestures at the orc warrior while chanting.
The puff of frost hits the orc warrior.
The orc knight hits you with a long sword of draining!
You die...

#.....................
.#.....................
..#............##......
.......................
.......................
......................
.#..)o..............
##5oR#..............
#..@oo#.............
#...................
##.#................
###.................
##............#......
#.....#...#.<....#...
##.#.#...###.##...#..
####.....#####......
#.....# ##....#.<


You could see the friendly Sander the battlemage, an orc knight, 2 orc warriors,
an orc and a friendly quasit.

Vanquished Creatures
  An orc warlord (Orc:1)
  3 hydras (D:12)
  A hill giant (D:12)
  The ghost of Soeti the Covert, a novice VSMo of Gozag (D:9)
  2 manticores (D:12)
  2 ugly things
  An orc sorcerer (Orc:1)
  3 cyclopes
  Psyche (D:8)
  A gargoyle (D:11)
  A kobold demonologist (D:12)
  A troll (D:11)
  The ghost of sveltemanboy the Slasher, an amateur DsGl (D:4)
  2 two-headed ogres
  3 slime creatures (D:12)
  2 hippogriffs
  6 yaks (D:12)
  2 wyverns
  A basilisk (D:12)
  A steam dragon (D:12)
  6 wargs
  A water moccasin (D:12)
  12 orc warriors
  2 sky beasts
  A meliai simulacrum (D:12)
  5 ice beasts
  A black bear (D:8)
  5 ogres
  The ghost of sveltemanboy the Slasher, an amateur DsGl of Okawaru (D:3)
  A centaur (D:6)
  2 big kobolds
  5 bullfrogs
  5 scorpions
  7 killer bees (D:10)
  6 howler monkeys
  A centaur zombie (D:8)
  A crimson imp (D:8)
  A quasit (D:11)
  2 bullfrog zombies (D:12)
  4 jellies
  A bullfrog skeleton (D:5)
  12 orc priests
  7 hounds
  11 orc wizards
  8 centaur skeletons
  3 iguanas
  5 worker ants
  A hound zombie (D:5)
  Robin (D:2)
  3 worker ant zombies
  13 adders
  A shadow imp (D:5)
  An ooze (D:2)
  A worm (D:6)
  5 dart slugs
  9 leopard geckos
  65 orcs
  7 bats
  2 giant cockroaches (D:1)
  13 goblins
  12 hobgoblins
  8 jackals
  4 quokkas
  3 ball pythons
  6 frilled lizards
  A jackal skeleton (D:4)
  14 kobolds
  3 leopard gecko skeletons
  A quokka skeleton (D:7)
  A quokka zombie (D:6)
  2 rats (D:1)
329 creatures vanquished.

Vanquished Creatures (collateral kills)
  An ettin (Orc:1)
  Fannar (D:11)
  An ogre mage (D:12)
  The ghost of confidenceinterval the Mender, a journeyman GrGl of Elyvilon (D:11)
  2 unseen horrors
  A hill giant (D:12)
  3 orc knights
  2 cyclopes
  2 centaur zombies (D:12)
  A centaur skeleton (D:12)
  3 hippogriffs
  Prince Ribbit (D:7)
  2 slime creatures (D:12)
  4 yaks (D:12)
  A warg (Orc:1)
  Menkaure (D:6)
  9 orc warriors
  4 ice beasts
  A necrophage (D:12)
  2 phantoms
  5 ogres
  3 centaurs
  A bullfrog (D:10)
  A wyvern skeleton (D:12)
  4 killer bees (D:10)
  4 wights (D:10)
  A howler monkey (D:7)
  2 bullfrog zombies
  3 orc priests
  2 hounds
  A jelly (D:11)
  3 orc wizards
  An iguana (D:9)
  A worker ant (D:12)
  A worker ant zombie (D:8)
  2 adders
  14 orcs
  A quokka (D:8)
93 creatures vanquished.

Vanquished Creatures (others)
  A human (D:3)
  12 battlemagi
  An orc (D:12)
14 creatures vanquished.

Grand Total: 436 creatures vanquished

Notes
Turn   | Place    | Note
-------+----------+-------------------------------------------
     0 | D:1      | sveltemanboy the Demonspawn Gladiator began the quest for the Orb.
     0 | D:1      | Reached XP level 1. HP: 16/16 MP: 1/1
   249 | D:1      | Reached skill level 3 in Long Blades
   341 | D:1      | Gained mutation: Your flesh is heat resistant. (rF+) [demonic ancestry]
   341 | D:1      | Reached XP level 2. HP: 22/22 MP: 2/2
   585 | D:1      | Reached skill level 1 in Armour
   824 | D:1      | Reached XP level 3. HP: 27/27 MP: 3/3
   996 | D:2      | Noticed Robin
  1191 | D:2      | Killed Robin
  1462 | D:2      | Gained mutation: You have a pair of small horns on your head. [demonic ancestry]
  1462 | D:2      | Reached XP level 4. HP: 28/33 MP: 4/4
  1509 | D:2      | Reached skill level 4 in Long Blades
  1688 | D:2      | Found a faded altar of an unknown god.
  2500 | D:3      | Noticed sveltemanboy's ghost (amateur DsGl)
  2653 | D:4      | Reached XP level 5. HP: 35/38 MP: 5/5
  2664 | D:4      | Noticed sveltemanboy's ghost (amateur DsGl)
  2677 | D:4      | Killed sveltemanboy's ghost
  2677 | D:4      | Reached skill level 5 in Long Blades
  2677 | D:4      | Gained mutation: Your movements are slightly less encumbered by armour. (ER -2) [demonic ancestry]
  2677 | D:4      | Reached XP level 6. HP: 13/44 MP: 6/6
  3415 | D:4      | Reached skill level 6 in Long Blades
  3606 | D:3      | Killed sveltemanboy's ghost
  3606 | D:3      | Reached XP level 7. HP: 50/50 MP: 7/7
  3868 | D:3      | Found an ancient bone altar of Kikubaaqudgha.
  3868 | D:3      | Noticed a human
  3871 | D:3      | Killed a human
  4020 | D:5      | Entered Level 5 of the Dungeon
  4924 | D:5      | Reached skill level 7 in Long Blades
  4946 | D:5      | Gained mutation: A weak demonic guardian rushes to your aid. [demonic ancestry]
  4946 | D:5      | Reached XP level 8. HP: 57/57 MP: 8/8
  5250 | D:6      | Noticed Menkaure
  5259 | D:6      | Killed Menkaure
  5310 | D:6      | Reached skill level 8 in Long Blades
  5687 | D:6      | Reached skill level 9 in Long Blades
  6048 | D:6      | Gained mutation: You are immune to clouds of flame. [demonic ancestry]
  6048 | D:6      | Reached XP level 9. HP: 44/65 MP: 9/9
  6400 | D:6      | Found a staircase to the Ecumenical Temple.
  6410 | Temple   | Entered the Ecumenical Temple
  6485 | Temple   | Became a worshipper of Hepliaklqana the Forgotten
  6529 | D:6      | Found an opulent altar of Gozag.
  6641 | D:6      | Reached skill level 1 in Invocations
  6803 | D:7      | Noticed Prince Ribbit
  6809 | D:7      | Killed Prince Ribbit
  6974 | D:7      | Reached * piety under Hepliaklqana
  7594 | D:8      | Reached skill level 10 in Long Blades
  7596 | D:8      | Noticed Psyche
  8238 | D:8      | Reached skill level 5 in Invocations
  8252 | D:8      | Found a burning altar of Makhleb.
  8308 | D:8      | Killed Psyche
  8337 | D:8      | Reached skill level 11 in Long Blades
  8592 | D:8      | Found a glowing golden altar of the Shining One.
  8593 | D:8      | Found a white marble altar of Elyvilon.
  8593 | D:8      | Found a radiant altar of Vehumet.
  8595 | D:8      | Found a shadowy altar of Dithmenos.
  8595 | D:8      | Found a sacrificial altar of Ru.
  8598 | D:8      | Found a deep blue altar of Sif Muna.
  8602 | D:8      | Found a shimmering altar of Xom.
  8651 | D:8      | Gained mutation: You have a pair of horns on your head. [demonic ancestry]
  8651 | D:8      | Reached XP level 10. HP: 63/63 MP: 14/14
  8816 | D:9      | Noticed Soeti's ghost (novice VSMo)
  8824 | D:9      | Killed Soeti's ghost
  9046 | D:9      | Reached ** piety under Hepliaklqana
  9047 | D:9      | Remembered your ancestor Sander as a battlemage
  9625 | D:10     | Entered Level 10 of the Dungeon
  9989 | D:10     | Killed an unseen horror
 10028 | D:10     | Reached skill level 12 in Long Blades
 10134 | D:10     | Reached skill level 5 in Armour
 10298 | D:10     | Reached *** piety under Hepliaklqana
 11294 | D:11     | Found a staircase to the Orcish Mines.
 11331 | D:11     | Found a staircase to the Lair.
 11341 | D:11     | Noticed a brown ugly thing
 11342 | D:11     | Noticed a gargoyle
 11361 | D:11     | Killed a brown ugly thing
 11361 | D:11     | Gained mutation: You have a pair of large horns on your head. [demonic ancestry]
 11361 | D:11     | Reached XP level 11. HP: 49/69 MP: 17/17
 11702 | D:11     | Got a fine ring mail
 11703 | D:11     | Identified a scroll of acquirement
 11705 | D:11     | Identified the cursed +0 ring mail of the Ego {rPois rF- MP+9} (You found it on level 11 of the Dungeon)
 11768 | D:11     | Noticed confidenceinterval's ghost (journeyman GrGl)
 11791 | D:11     | Killed confidenceinterval's ghost
 12192 | D:11     | Reached **** piety under Hepliaklqana
 12272 | D:11     | Reached skill level 13 in Long Blades
 13202 | D:12     | Reached skill level 10 in Invocations
 13566 | D:12     | Noticed a five-headed hydra
 13579 | D:12     | Killed a six-headed hydra
 13832 | D:12     | Reached skill level 14 in Long Blades
 13880 | D:12     | Gained mutation: Your movements are less encumbered by armour. (ER -4) [demonic ancestry]
 13880 | D:12     | Reached XP level 12. HP: 57/74 MP: 20/20
 13882 | D:12     | Reached skill level 1 in Evocations
 14344 | D:12     | Noticed a four-headed hydra
 14345 | D:12     | Noticed a seven-headed hydra
 14363 | D:12     | Killed a four-headed hydra
 14373 | D:12     | Killed a nine-headed hydra
 14941 | D:12     | Noticed an ogre mage
 14945 | D:12     | Killed an ogre mage
 14959 | D:12     | Reached skill level 15 in Long Blades
 15200 | Orc:1    | Entered Level 1 of the Orcish Mines
 15200 | Orc:1    | Noticed an ettin
 15204 | Orc:1    | Noticed Fannar
 15221 | D:11     | Killed Fannar
 15308 | Orc:1    | Killed an ettin
 15358 | Orc:1    | HP: 2/74 [orc priest/divine providence (12)]
 15915 | Orc:1    | Reached skill level 5 in Evocations
 16467 | Orc:1    | Reached XP level 13. HP: 30/79 MP: 22/22
 16686 | Orc:1    | Noticed an orc warlord
 16728 | Orc:1    | Killed an orc warlord
 16918 | Orc:2    | Entered Level 2 of the Orcish Mines
 17188 | Orc:2    | Found a roughly hewn altar of Beogh.
 17496 | Orc:2    | Slain by an orc knight

Vault maps used:
D:1:      eino_arrival_tree_alley
D:2:      ecumenical_altar_2, uniq_robin
D:3:      first_bread, minmay_misc_feat_chi, tgw_kikubaaqudgha
D:6:      grunt_gozag_statues, uniq_menkaure
D:7:      uniq_prince_ribbit1
D:8:      grunt_temple_overflow_open, uniq_psyche
D:9:      blue_anna_alchemist
D:10:     serial_co_window_serial, co_window_paths_a, co_window_paths_a,
          co_window_corner_a, co_window_paths_b, co_window_of_opportunity_a,
          co_window_of_opportunity_a, co_window_corner_a,
          co_window_of_opportunity_b, co_window_broadway_b, co_window_cross_3,
          co_window_corner_cb, co_window_broadway_c, co_window_2corner,
          co_window_of_opportunity_b, co_window_paths_e, co_window_4corner_b,
          glass_columns_a, glass_columns_a
D:11:     lair_0_dummy, orc_0_dummy, serial_glass, glass_columns_a,
          glass_columns_c
D:12:     minmay_quarter_circles, hangedman_weighted_door,
          nicolae_zen_rock_garden
Temple:   nicolae_temple_figure_eight
Orc:1:    nicolae_orc_crystal_geode, uniq_fannar
Orc:2:    st_orc_town

Skill      XL: |  1  2  3  4  5  6  7  8  9 10 11 12 |
---------------+-------------------------------------+-----
Long Blades    | 3 4 5 6 7 9 11 12 14 15 | 15.5
Armour         | 1 2 3 4 5 6 |  6.0
Dodging        | 3 4 |  4.1
Fighting       | 4 |  4.0
Invocations    | 6 8 10 12 | 12.9
Evocations     | 5 |  5.8
Throwing       | |  1.7

Action                   |  1- 3 |  4- 6 |  7- 9 | 10-12 | 13-15 || total
-------------------------+-------+-------+-------+-------+-------++-------
Melee: Long sword        |   117 |   130 |   286 |       |       ||   533
       Headbutt          |       |    33 |    89 |   109 |    17 ||   248
       Great sword       |       |       |   111 |   404 |    67 ||   582
Throw: Throwing net      |     2 |     2 |     5 |       |       ||     9
       Javelin           |       |       |       |    11 |       ||    11
Invok: Ancestor Identity |       |       |     1 |       |       ||     1
       Recall Ancestor   |       |       |       |     1 |       ||     1
       Ancestor Life: Ba |       |       |       |     1 |       ||     1
       Idealise          |       |       |       |     1 |     1 ||     2
Evoke: Wand              |       |       |     5 |    13 |     2 ||    20
  Use: Scroll            |       |     4 |     2 |    23 |     1 ||    30
       Potion            |       |     4 |     4 |     9 |       ||    17
 Stab: Held in net/web   |       |       |     1 |       |       ||     1
       Distracted        |       |       |     4 |     4 |     2 ||    10
       Paralysed         |       |       |       |       |     2 ||     2
  Eat: Chunk             |     2 |     7 |    15 |    25 |     3 ||    52
       Fruit             |       |       |     1 |     1 |       ||     2
Armor: Leather armour    |     2 |       |       |       |       ||     2
       Ring mail         |    52 |    18 |       |       |       ||    70
       Chain mail        |       |    19 |   205 |    38 |       ||   262
       Storm dragon scal |       |       |       |    55 |       ||    55
       Scale mail        |       |       |       |   173 |    31 ||   204
Dodge: Dodged            |    77 |    77 |   201 |   223 |    41 ||   619
       Rpst.: Long sword |    28 |    24 |    41 |       |       ||    93
       Great sword       |       |       |    19 |    58 |    14 ||    91
